 Dungeon Crawl Stone Soup version 0.30-a0-930-gb9d0489357 (webtiles) character file.

Game seed: 6736668144856874301

256532 Lobster4 the Eclecticist (level 21, 0/143 HPs)
             Began as a Djinni Fire Elementalist on Mar 23, 2023.
             Was the Champion of Nemelex Xobeh.
             Slain by a water elemental (6 damage)
             ... on level 4 of the Shoals.
             The game lasted 02:02:54 (33354 turns).

Lobster4 the Eclecticist (DjFE)                    Turns: 33354, Time: 02:02:55

Health: 0/143      AC: 11    Str: 10    XL:     21   Next: 8%
Gold:   2678       EV: 23    Int: 31    God:    Nemelex Xobeh [******] SH:  0 Dex: 19

rFire   + + .      SeeInvis .    b - +9 sling "Ziruonak" {freeze, rN+ Will+ Int+3 Dex+3}
rCold   + . .      Faith    .    (no shield)
rNeg    + + +      Spirit   .    f - +1 robe of Absence {Drain rElec rN+++ Regen+}
rPois   ∞          Reflect  .    C - +1 helmet
rElec   +          Rampage  .    F - +1 cloak
rCorr   +                        m - +1 pair of gloves {Str+3}
Will    +++..                    (boots unavailable)
Stlth   ++                       W - amulet of regeneration
HPRegen 2.03/turn                U - ring "Meuqi" {*Slow rC+ rN+ rCorr}
MPRegen 0.00/turn                e - ring of Obsession {rC+ rN+ EV+5 Dex+2}

@: flying, hasted and slowed, studying Shields
A: sickness immunity, fire resistance 2, cold vulnerability 1, float, innate
caster, HP casting, extra vitality 1
}: 1/15 runes: gossamer
a: Renounce Religion, Draw Escape, Draw Destruction, Draw Summoning, Triple
Draw, Deal Four, Stack Five


You were on level 4 of the Shoals.
You worshipped Nemelex Xobeh.
Nemelex Xobeh was exalted by your worship.
You visited 7 branches of the dungeon, and saw 32 of its levels.
You also visited: Bailey and Ice Cave.

You collected 5479 gold pieces.
You spent 2801 gold pieces at shops.

Inventory:

Hand Weapons
 a - the +3 Elemental Staff {rElec rF++ rC++ AC+5}
   (You took it off a deep elf pyromancer on level 9 of the Dungeon)

   It enhances your fire, ice, earth and air magic.
   AC:        It affects your AC (+5).
   rF:        It greatly protects you from fire.
   rC:        It greatly protects you from cold.
   rElec:     It insulates you from electricity.
 b - the +9 sling "Ziruonak" (weapon) {freeze, rN+ Will+ Int+3 Dex+3}
   (You found it on level 9 of the Dungeon)

   Int:       It affects your intelligence (+3).
   Dex:       It affects your dexterity (+3).
   rN:        It protects you from negative energy.
   Will:      It increases your willpower.
 t - the +7 dagger of Mapuydo {elec, rCorr Dex+4}
   (You found it on level 4 of the Spider Nest)

   Dex:       It affects your dexterity (+4).
   rCorr:     It protects you from acid and corrosion.
 O - the +6 sling "Jiteja" {drain, rF- rCorr SInv}
   (You bought it in a shop on level 5 of the Dungeon)

   rF:        It makes you vulnerable to fire.
   SInv:      It lets you see invisible.
   rCorr:     It protects you from acid and corrosion.
Missiles
 c - 6 silver javelins
 j - 9 curare-tipped darts
 E - 16 boomerangs of dispersal
 L - 5 javelins
 P - 5 throwing nets
Armour
 f - the +1 robe of Absence (worn) {Drain rElec rN+++ Regen+}
   (You bought it in a shop on level 5 of the Dungeon)

   rElec:     It insulates you from electricity.
   rN:        It renders you almost immune to negative energy.
   Regen:     It increases your rate of health regeneration.
   Drain:     It drains your maximum health when unequipped.
 m - a +1 pair of gloves of strength (worn)
 v - a +2 pair of gloves of stealth
 C - a +1 helmet (worn)
 F - a +1 cloak (worn)
Jewellery
 e - the ring of Obsession (right hand) {rC+ rN+ EV+5 Dex+2}
   (You bought it in a shop on level 4 of the Dungeon)

   [ring of evasion]

   EV:        It affects your evasion (+5).
   Dex:       It affects your dexterity (+2).
   rC:        It protects you from cold.
   rN:        It protects you from negative energy.
 i - a ring of fire
 U - the ring "Meuqi" (left hand) {*Slow rC+ rN+ rCorr}
   (You took it off an orc wizard on level 12 of the Dungeon)

   [ring of resist corrosion]

   rC:        It protects you from cold.
   rN:        It protects you from negative energy.
   rCorr:     It protects you from acid and corrosion.
   *Slow:     It may slow you when you take damage.
 W - an amulet of regeneration (around neck)
 X - the ring of Ebbem {rC+ rN+}
   (You took it off a tengu warrior on level 13 of the Dungeon)

   [ring of protection from cold]

   rC:        It protects you from cold.
   rN:        It protects you from negative energy.
Wands
 d - a wand of flame (76)
 z - a wand of charming (22)
 I - a wand of iceblast (11)
 N - a wand of digging (11)
 R - a wand of quicksilver (9)
Scrolls
 g - 3 scrolls of enchant armour
 h - 3 scrolls of immolation
 n - 14 scrolls of teleportation
 s - 5 scrolls of magic mapping
 w - a scroll of fear
 D - 4 scrolls of enchant weapon
 J - a scroll of butterflies
 M - 4 scrolls of fog
 Q - 4 scrolls of poison
 T - 2 scrolls of silence
 V - 13 scrolls of identify
Potions
 k - 6 potions of lignification
 l - 3 potions of berserk rage
 o - 3 potions of invisibility
 q - 4 potions of might
 r - 2 potions of haste
 u - 12 potions of curing
 x - 4 potions of ambrosia
 B - 5 potions of resistance
 H - 2 potions of cancellation
 K - 5 potions of mutation
 S - 4 potions of brilliance
Miscellaneous
 p - a tin of tremorstones (2/2)
 Y - a phial of floods


   Skills:
 + Level 10.9 Fighting
 - Level 2.0 Short Blades
 - Level 5.0 Staves
 - Level 10.0 Ranged Weapons
 - Level 3.0 Throwing
 - Level 10.0 Armour
 - Level 10.0 Dodging
 - Level 2.0 Stealth
 * Level 19.9 Spellcasting
 + Level 10.3 Invocations
 - Level 3.0 Evocations


You knew the following spells:

 Your Spells              Type           Power      Damage    Failure   Level
a - Foxfire               Conj/Fire      100%       2x1d9     0%          1
b - Scorch                Fire           100%       2d10      0%          2
c - Plasma Beam           Fire/Air       50%        2x1d71    0%          5
d - Inner Flame           Hex/Fire       100%       N/A       0%          3
e - Flame Wave            Conj/Fire      100%       2d21      0%          4
f - Necrotise             Necr           100%       1d9       0%          1
g - Passwall              Tmut/Erth      84%        N/A       0%          2
h - Agony                 Necr           100%       N/A       0%          5
i - Vampiric Draining     Necr           100%       2d13      0%          3
j - Dispersal             Tloc           50%        N/A       1%          6
k - Kindle Blastsparks    Fire/Tloc/Air  100%       2d18      0%          3
l - Death Channel         Necr           50%        N/A       1%          6
m - Haunt                 Necr/Summ      50%        N/A       1%          7
r - Ozocubu's Refrigerat  Ice            50%        4d18      1%          7
t - Teleport Other        Tloc           100%       N/A       0%          3
Your spell library was empty.

Dungeon Overview and Level Annotations

Branches:
Dungeon (15/15)            Temple (1/1) D:6            Lair (5/5) D:8
 Shoals (4/4) Lair:3       Spider (4/4) Lair:2        Slime (0/5) Lair:4
    Orc (2/2) D:11            Elf (1/3) Orc:2        Vaults (0/5) D:14
 Depths (0/4) D:15         Bailey (visited)           IceCv (visited)

Altars:
Ashenzari
Cheibriados
Dithmenos
Elyvilon
Fedhas
Gozag
Hepliaklqana
Makhleb
Nemelex Xobeh
Okawaru
Qazlal
Ru
Trog
Uskayaw
Wu Jian
Xom
Yredelemnul
Zin
The Shining One

Shops:
D:4 =   D:5 [((*   D:6 [   D:7 *((=??   D:11 ([   Orc:2 [[*:   Shoals:2 [

Portals:
Trove: D:10 (give 16 scrolls of teleportation)

Annotations:
Orc:2 2 transporters, jasper's ghost, journeyman DsDe


Innate Abilities, Weirdness & Mutations

You are immune to sickness and miasma.
You are immune to poison.
Your flesh is very heat resistant. (rF++)
You are vulnerable to cold. (rC-)
You float through the air rather than walking.
You learn spells naturally, not from books.
Your magical power is your life essence.
You have superior vitality. (+4 MHP)


Message History

Confirm with . or Enter, or press ? or * to list all spells.
You don't know that spell.
Unknown command.
Casting: Plasma Beam (safe; 0% risk of failure)
Confirm with . or Enter, or press ? or * to list all spells.
Casting: Flame Wave (safe; 0% risk of failure)
Press: ? - help, Dir - look around, f - activate A wave of flame ripples out!
The flame wave engulfs the water elemental!
The water elemental is burned terribly!
You destroy the water elemental!
The water engulfing you falls away. (Press . to intensify the flame waves.)
The merfolk aquamancer shouts!
* * * LOW HITPOINT WARNING * * *
You hear an angry hiss.
You hear a shout!
The merfolk impaler hits you from afar with a +6 heavy trident!!
* * * LOW HITPOINT WARNING * * *
The wind drake is engulfed in a cloud of scalding steam.
The wind drake flaps its wings at you. The air twists around and strikes you!
* * * LOW HITPOINT WARNING * * *
The merfolk impaler completely misses you.
The wind drake is engulfed in a cloud of scalding steam.
As you read the scroll of fear, it crumbles to dust.
You assume a fearsome visage.
The merfolk impaler looks frightened!
The wind drake looks frightened!
The merfolk aquamancer looks frightened!
The water elemental is unaffected.
The wind drake looks frightened!
The alligator snapping turtle looks frightened!
The merfolk aquamancer casts a spell.
The merfolk aquamancer blinks!
Okay, then.
Okay, then.
Unknown command.
You feel yourself speed up. The water elemental hits you.
* * * LOW HITPOINT WARNING * * *
The water elemental hits you.
You die...
Your body glows with a rainbow of weird colours and disappears.

~~~P≈~~~~~§~~.).
P≈≈≈≈)~~~)k~t.).
≈≈≈≈≈~~~~~~†.k...
≈~P~~~~~~~§~.m....
≈~~...~~~~)~......
P~~...~~~~~~......
P....<~~~~).......
......~~~§E####... #
........§§@## ..#
.........§..###....#
.......)..§.<.......
####..~~|.~~~...)...
##.~~~~~~~~..~~..
#~~~~~~~~~~..~~~
#~~~~~~~~~....#.
#~~~~~~~~#####..
#~~~~~~~## .


You could see an alligator snapping turtle (fleeing), a merfolk impaler
(fleeing), 2 wind drakes and a water elemental.

Vanquished Creatures
  Gastronok (Lair:3)
  2 krakens
  Frances (D:13)
  A tengu reaver (D:13)
  A fire giant (D:13)
  A rockslime (IceCv)
  3 azure jellies (IceCv)
  A frost giant (D:15)
  7 emperor scorpions
  4 ghost moths
  A deep elf sorcerer (Elf:1)
  A very ugly thing (Spider:2)
  A broodmother (Spider:2)
  4 quicksilver oozes (IceCv)
  3 spark wasps
  Josephine (D:13)
  3 merfolk impalers
  A merfolk javelineer (Shoals:4)
  An ettin (D:13)
  3 entropy weavers
  2 fire dragons
  4 vault guards (D:14)
  Fannar (D:12)
  6 centaur warriors
  4 catoblepae
  Erolcha (Orc:2)
  2 radroaches (Spider:3)
  A jorogumo (Spider:3)
  2 ogre magi
  5 boulder beetles
  11 hydras
  An alligator (Shoals:3)
  2 merfolk aquamancers
  2 satyrs (Shoals:2)
  3 alligator snapping turtles (Shoals:3)
  2 dancing weapons (Orc:2)
  13 two-headed ogres
  3 death yaks (Lair:5)
  An orc high priest (Orc:2)
  7 tengu warriors
  Urug (Lair:5)
  Amaemon (Lair:1)
  Sonja (Orc:1)
  2 deep elf knights (Elf:1)
  5 skeletal warriors (D:14)
  4 pharaoh ants
  4 sun moths
  3 skysharks
  14 orb spiders
  11 sea snakes
  2 deep elf archers
  A glowing orange brain (D:13)
  2 orange crystal statues (IceCv)
  2 wizards (Elf:1)
  A steelbarb worm (shapeshifter) (D:13)
  9 orc knights
  6 deep elf zephyrmancers
  7 steelbarb worms
  The ghost of jejorda2 the Spear-Bearer, a novice MfBe of Trog (D:6)
  A mana viper (shapeshifter) (D:13)
  A lindwurm (Lair:5)
  12 deep elf pyromancers
  3 orc sorcerers
  An oklob plant (D:4)
  13 ugly things
  16 wolf spiders
  15 manticores
  11 cyclopes
  9 fauns
  6 moths of wrath
  3 water nymphs
  A guardian serpent (D:12)
  7 black mambas
  9 elephants
  A water nymph (shapeshifter) (D:13)
  6 merfolk sirens
  An orange demon (Lair:1)
  A black mamba (shapeshifter) (Orc:2)
  The ghost of oldplebian the Chopper, a novice HOCA of Ignis (D:5)
  13 demonic crawlers
  2 torpor snails
  8 cane toads
  11 rime drakes
  3 unseen horrors
  2 freezing wraiths
  6 komodo dragons
  3 ice devils (D:9)
  4 kobold demonologists
  4 efreet
  10 merfolk
  A meliai (shapeshifter) (Orc:2)
  9 trolls
  6 polar bears
  9 meliai
  Grinder (D:5)
  9 saltlings (Orc:2)
  2 hornets
  9 blink frogs
  2 wind drakes
  33 tarantellas
  24 dream sheep
  8 snapping turtles
  22 jumping spiders
  7 water elementals
  Sigmund (D:4)
  A culicivora (shapeshifter) (D:14)
  17 culicivoras
  34 slime creatures
  4 fire elementals (D:9)
  A vampire (D:13)
  3 shadows
  28 yaks
  7 wyverns
  8 wraiths
  Grum (D:11)
  5 basilisks
  14 steam dragons
  45 redbacks
  8 vampire mosquitoes
  2 wargs (Orc:2)
  5 acid dragons
  14 water moccasins
  4 floating eyes (D:11)
  A meliai simulacrum (D:14)
  24 orc warriors
  6 black bears
  2 ice beasts (D:6)
  5 great orb of eyes simulacra (IceCv)
  6 boggarts
  10 ogres
  4 phantoms
  11 wolves
  15 centaurs
  3 slime creature simulacra (IceCv)
  5 kobold brigands
  An earth elemental (Orc:2)
  4 gnoll sergeants
  7 scorpions
  16 bullfrogs
  5 glowing shapeshifter simulacra (IceCv)
  4 wights (D:6)
  5 killer bees
  4 howler monkeys
  6 electric eels
  2 crimson imps (D:8)
  7 jellies
  8 hounds
  16 orc priests
  4 gnoll boudas
  Ijyb (D:5)
  6 iguanas
  14 orc wizards
  A sleepcap (D:4)
  A mummy (D:8)
  31 gnolls
  8 adders
  2 shadow imps (D:7)
  3 white imps
  An ufetubus (D:6)
  4 worms
  2 dart slugs
  69 orcs
  9 endoplasms
  3 giant cockroaches
  7 goblins
  8 hobgoblins
  25 kobolds
  4 quokkas
  6 ball pythons
  4 bats
  2 frilled lizards
  A hobgoblin zombie (D:8)
  2 kobold zombies (D:8)
  An orc zombie (D:8)
  5 rats
  A fungus (Lair:2)
  7 pillars of salt (Orc:2)
  A plant (Shoals:3)
1129 creatures vanquished.

Vanquished Creatures (collateral kills)
  A crimson imp (D:8)
  A foxfire (Orc:2)
2 creatures vanquished.

Vanquished Creatures (others)
  A steam dragon (D:9)
  1356 foxfires
  19 fungi
  3 pillars of salt (Orc:2)
  80 plants
  13 toadstools (D:4)
  2 withered plants (D:5)
1474 creatures vanquished.

Grand Total: 2605 creatures vanquished

Notes
Turn   | Place    | Note
-------+----------+-------------------------------------------
     0 | D:1      | Lobster4 the Djinni Fire Elementalist began the quest for
                  | the Orb.
     0 | D:1      | Lobster4 set off with the following spells memorised:
                  | Foxfire, Scorch, Kindle Blastsparks, Inner Flame, Flame
                  | Wave.
     0 | D:1      | Reached XP level 1. HP: 15/15 MP: 0/0
    43 | D:1      | You are sucked into a shaft and drop 1 floor!
   122 | D:2      | Reached XP level 2. HP: 17/22 MP: 0/0
   189 | D:1      | Reached XP level 3. HP: 20/26 MP: 0/0
   189 | D:1      | Learned a level 1 spell: Necrotise
   255 | D:1      | Reached skill level 1 in Fighting
   330 | D:1      | Reached skill level 1 in Armour
   919 | D:2      | Reached XP level 4. HP: 29/32 MP: 0/0
  1699 | D:3      | Reached skill level 1 in Short Blades
  1734 | D:3      | Reached skill level 3 in Spellcasting
  1734 | D:3      | Reached XP level 5. HP: 31/37 MP: 0/0
  1734 | D:3      | Learned a level 2 spell: Passwall
  1929 | D:3      | Found an iron altar of Okawaru.
  2344 | D:4      | Noticed a phantom
  2350 | D:4      | Killed a phantom
  2351 | D:4      | Reached XP level 6. HP: 38/43 MP: 0/0
  2431 | D:4      | Noticed Sigmund
  2436 | D:4      | Killed Sigmund
  2437 | D:4      | Reached XP level 7. HP: 43/49 MP: 0/0
  2437 | D:4      | Learned a level 3 spell: Teleport Other
  2559 | D:4      | Reached skill level 4 in Spellcasting
  2642 | D:4      | Found Iseuwog's Jewellery Emporium.
  2685 | D:4      | Found a blossoming altar of Fedhas.
  2701 | D:4      | Noticed an oklob plant
  3212 | D:4      | Reached XP level 8. HP: 54/56 MP: 0/0
  3648 | D:4      | Killed an oklob plant
  3767 | D:5      | Entered Level 5 of the Dungeon
  3794 | D:5      | Reached skill level 5 in Dodging
  3794 | D:5      | Reached skill level 5 in Spellcasting
  3838 | D:5      | Noticed Ijyb
  3844 | D:5      | Killed Ijyb
  3870 | D:5      | Found a runed translucent door.
  3871 | D:5      | Noticed oldplebian's ghost (novice HOCA)
  3893 | D:5      | Found Dyep's Armour Shop.
  3909 | D:5      | Found Nierafas's Antique Weapon Boutique.
  3929 | D:5      | Reached XP level 9. HP: 59/63 MP: 0/0
  3929 | D:5      | Learned a level 3 spell: Vampiric Draining
  3966 | D:5      | Found Nor Bap's Overcharged Wands.
  3975 | D:5      | Reached skill level 1 in Evocations
  3986 | D:5      | Reached skill level 1 in Throwing
  4638 | D:5      | Noticed Grinder
  4638 | D:5      | Paralysed by Grinder for 5 turns
  4648 | D:5      | Killed Grinder
  4758 | D:5      | Reached skill level 5 in Fighting
  4758 | D:5      | Reached skill level 5 in Armour
  4758 | D:5      | Reached skill level 6 in Spellcasting
  5014 | D:5      | Reached XP level 10. HP: 65/70 MP: 0/0
  5415 | D:5      | Reached skill level 7 in Spellcasting
  5657 | D:5      | Identified the +2 falchion of Perversion {drain, Will+
                  | Str+3}
  5741 | D:5      | Found Zowig's Antique Weapon Shop.
  5901 | D:6      | Found Wur Miux's Antique Armour Boutique.
  6013 | D:6      | Found a staircase to the Ecumenical Temple.
  6021 | Temple   | Entered the Ecumenical Temple
  6232 | Temple   | Became a worshipper of Nemelex Xobeh the Trickster
  6322 | D:6      | Noticed jejorda2's ghost (novice MfBe)
  6406 | D:6      | Reached skill level 1 in Invocations
  6613 | D:6      | Found a transporter.
  6625 | D:6      | Identified the +8 trident "Osarusem" {pain, Fly rN+ Int+2
                  | Dex-5}
  6625 | D:6      | Identified the +0 ring mail "Itataodgh" {Harm Rampage rC+}
  6649 | D:6      | Found a transporter.
  7232 | D:6      | Reached skill level 8 in Spellcasting
  7268 | D:5      | Bought a translucent sling for 208 gold pieces
  7268 | D:5      | Identified the +6 sling "Jiteja" {drain, rF- rCorr SInv}
                  | (You bought it in a shop on level 5 of the Dungeon)
  7333 | D:7      | Found Faugroruk's Magic Scroll Shoppe.
  7344 | D:7      | Bought a scroll of noise for 10 gold pieces
  7348 | D:7      | Identified a scroll of acquirement
  7410 | D:7      | Found Estru's Jewellery Emporium.
  7523 | D:7      | Found Oley's Antique Weapon Shoppe.
  7560 | D:7      | Found Uman's Antique Weapon Shop.
  7649 | D:7      | Found Asexibak's Fire Supplies.
  7926 | D:7      | Found an opulent altar of Gozag.
  7980 | D:7      | Reached * piety under Nemelex Xobeh
  8003 | D:7      | Found Woleot Ywky's Magic Scroll Shoppe.
  8009 | D:7      | Bought a scroll of blinking for 82 gold pieces
  8316 | D:8      | Found a staircase to the Lair.
  8332 | D:8      | Reached XP level 11. HP: 71/75 MP: 0/0
  8332 | D:8      | Learned a level 5 spell: Plasma Beam
  8332 | D:8      | Received a gift from Nemelex Xobeh
  8364 | D:8      | Found a flagged portal.
  8373 | Bailey   | Entered a bailey
  8515 | Bailey   | Noticed an orc knight
  8532 | Bailey   | Killed an orc knight
  8580 | Bailey   | Reached skill level 9 in Spellcasting
  8703 | Bailey   | Found a large runed translucent door.
  8703 | Bailey   | Found a large runed translucent door.
  8705 | Bailey   | Noticed a deep elf zephyrmancer
  8721 | Bailey   | Killed a deep elf zephyrmancer
  8739 | Bailey   | Identified the +1 robe of Syadoha {Str+5}
  8851 | D:8      | Identified the +10 plate armour of the Lizard {rN++}
  9397 | D:8      | Reached skill level 5 in Invocations
  9610 | D:8      | Identified the +1 chain mail of Ciblekh {+Inv rF+ Str+2
                  | Dex+2}
  9887 | D:8      | Found a shimmering altar of Xom.
 10344 | D:9      | Reached ** piety under Nemelex Xobeh
 10356 | D:9      | Reached skill level 10 in Spellcasting
 10414 | D:9      | Noticed a deep elf pyromancer
 10792 | D:9      | Received a gift from Nemelex Xobeh
 10843 | D:9      | Identified the +9 sling "Ziruonak" {freeze, rN+ Will+ Int+3
                  | Dex+3}
 11134 | D:9      | Killed a deep elf pyromancer
 11135 | D:9      | Reached skill level 1 in Ranged Weapons
 11197 | D:9      | Reached XP level 12. HP: 43/81 MP: 0/0
 11461 | D:9      | Reached skill level 1 in Staves
 11580 | D:9      | Acquired 468 gold pieces
 11755 | D:4      | Bought the ring of Obsession {rC+ rN+ EV+5 Dex+2} for 817
                  | gold pieces
 11924 | D:10     | Entered Level 10 of the Dungeon
 12395 | D:10     | Found a burning altar of Makhleb.
 12427 | D:10     | Found a white marble altar of Elyvilon.
 12731 | D:10     | Found a portal to a secret trove of treasure.
 12877 | D:10     | Received a gift from Nemelex Xobeh
 13046 | D:11     | Reached skill level 11 in Spellcasting
 13262 | D:11     | Reached *** piety under Nemelex Xobeh
 13530 | D:11     | Noticed a two-headed ogre
 13536 | D:11     | Killed a two-headed ogre
 13763 | D:11     | Noticed Grum
 13768 | D:11     | Killed Grum
 14002 | D:11     | Found Deg Mora's Armour Boutique.
 14004 | D:11     | Paralysed by a floating eye for 2 turns
 14009 | D:11     | Paralysed by a floating eye for 3 turns
 14053 | D:11     | Found a staircase to the Orcish Mines.
 14055 | D:11     | Found Leeny's Weapon Boutique.
 14060 | D:11     | Received a gift from Nemelex Xobeh
 14067 | D:11     | Bought a +1 helmet for 172 gold pieces
 14288 | D:11     | Reached XP level 13. HP: 75/85 MP: 0/0
 14288 | D:11     | Learned a level 5 spell: Agony
 14346 | D:11     | Received a gift from Nemelex Xobeh
 14655 | Orc:1    | Entered Level 1 of the Orcish Mines
 15220 | Orc:2    | Entered Level 2 of the Orcish Mines
 15403 | Orc:2    | Reached skill level 12 in Spellcasting
 15442 | Orc:2    | Reached **** piety under Nemelex Xobeh
 15447 | Orc:2    | Found a staircase to the Elven Halls.
 15483 | Orc:2    | Received a gift from Nemelex Xobeh
 15497 | Orc:1    | Noticed Sonja
 15501 | Orc:1    | Killed Sonja
 15811 | D:7      | Bought a scroll of acquirement for 572 gold pieces
 15811 | D:7      | Acquired 787 gold pieces
 15868 | D:5      | Bought the +1 robe of Absence {Drain rElec rN+++ Regen+}
                  | for 456 gold pieces
 16178 | Orc:2    | Noticed an ettin
 16182 | Orc:2    | Noticed jasper's ghost (journeyman DsDe)
 16231 | Orc:2    | Reached skill level 5 in Staves
 16269 | Orc:2    | Received a gift from Nemelex Xobeh
 16483 | Orc:2    | Noticed Erolcha
 16484 | Orc:2    | Killed Erolcha
 16551 | Orc:2    | Reached XP level 14. HP: 85/92 MP: 0/0
 16615 | Orc:2    | Found Citavial's General Store.
 16617 | Orc:2    | Found Serine's Book Shoppe.
 16627 | Orc:2    | Bought a scroll of identify for 30 gold pieces
 16663 | Orc:2    | Found Assobyed's Antique Armour Shop.
 16821 | Orc:2    | Found a transporter.
 16825 | Orc:2    | Found a transporter.
 16877 | Orc:2    | Found a bloodstained altar of Trog.
 16954 | Orc:2    | Found Saiduz's Armour Shoppe.
 17116 | Lair:1   | Entered Level 1 of the Lair of Beasts
 17116 | Lair:1   | Noticed Amaemon
 17122 | Lair:1   | Killed Amaemon
 17289 | Lair:1   | Received a gift from Nemelex Xobeh
 17289 | Lair:1   | Reached ***** piety under Nemelex Xobeh
 17355 | Lair:1   | Identified the +2 leather armour "Feitramo" {rC++ Will+
                  | Stlth+}
 17533 | Lair:1   | Identified the +7 arbalest "Loit" {antimagic, Drain rPois
                  | rF+ Stlth+}
 17815 | Lair:2   | Received a gift from Nemelex Xobeh
 17875 | Lair:2   | Found a hole to the Spider Nest.
 18143 | Lair:2   | Identified the +12 chain mail of Giafraiwn {rPois rC- rN++
                  | Dex+4}
 18165 | Lair:2   | Reached skill level 13 in Spellcasting
 18362 | Lair:2   | Received a gift from Nemelex Xobeh
 18863 | Lair:3   | Noticed Gastronok
 18872 | Lair:3   | Killed Gastronok
 18873 | Lair:3   | Reached skill level 5 in Ranged Weapons
 19120 | Lair:3   | Received a gift from Nemelex Xobeh
 19446 | Lair:3   | Found a staircase to the Shoals.
 19446 | Lair:3   | Received a gift from Nemelex Xobeh
 19610 | Lair:4   | Reached skill level 10 in Dodging
 19657 | Lair:4   | Reached XP level 15. HP: 92/96 MP: 0/0
 19657 | Lair:4   | Learned a level 6 spell: Dispersal
 19682 | Lair:4   | Received a gift from Nemelex Xobeh
 19982 | Lair:4   | Found a staircase to the Slime Pits.
 20011 | Lair:4   | Reached ****** piety under Nemelex Xobeh
 20030 | Lair:4   | You are sucked into a shaft and drop 1 floor!
 20030 | Lair:5   | Entered Level 5 of the Lair of Beasts
 20030 | Lair:5   | Received a gift from Nemelex Xobeh
 20562 | Lair:5   | Reached skill level 10 in Armour
 20649 | Lair:5   | Reached skill level 14 in Spellcasting
 20863 | Lair:5   | Identified the staff of cold "Viodoqoch" {rC+ Str-4 Dex+3}
 21079 | Lair:5   | Noticed Urug
 21081 | Lair:5   | Killed Urug
 21876 | D:5      | Killed oldplebian's ghost
 21960 | D:6      | Killed jejorda2's ghost
 22228 | Elf:1    | Entered Level 1 of the Elven Halls
 22232 | Elf:1    | Reached XP level 16. HP: 91/103 MP: 0/0
 22240 | Elf:1    | Noticed a deep elf sorcerer
 22241 | Elf:1    | Killed a deep elf sorcerer
 22246 | Elf:1    | Reached skill level 15 in Spellcasting
 22755 | D:12     | Identified the ring "Meuqi" {*Slow rC+ rN+ rCorr}
 22783 | D:12     | Received a gift from Nemelex Xobeh
 23175 | D:12     | Noticed Fannar
 23178 | D:12     | Killed Fannar
 23453 | D:13     | Identified the +1 helmet of Cugireap {rN+}
 23477 | D:13     | Noticed Frances
 23480 | D:13     | Killed Frances
 23511 | D:13     | Noticed Josephine
 23513 | D:13     | Killed Josephine
 23752 | D:7      | Bought 2 scrolls of identify for 44 gold pieces
 23754 | D:7      | Bought a scroll of teleportation for 33 gold pieces
 23754 | D:7      | Bought a scroll of teleportation for 33 gold pieces
 23754 | D:7      | Bought a scroll of teleportation for 33 gold pieces
 23754 | D:7      | Bought a scroll of teleportation for 33 gold pieces
 23754 | D:7      | Bought a scroll of teleportation for 33 gold pieces
 23793 | D:7      | Bought a scroll of teleportation for 30 gold pieces
 23793 | D:7      | Bought a scroll of identify for 20 gold pieces
 24054 | D:13     | Received a gift from Nemelex Xobeh
 24259 | D:13     | Noticed a tengu reaver
 24262 | D:13     | Killed a tengu reaver
 24397 | D:13     | Noticed a fire giant
 24400 | D:13     | Killed a fire giant
 24438 | D:13     | Identified the ring of Ebbem {rC+ rN+}
 24496 | D:13     | Reached skill level 10 in Invocations
 24597 | D:14     | Reached XP level 17. HP: 106/113 MP: 0/0
 24597 | D:14     | Learned a level 7 spell: Ozocubu's Refrigeration
 24658 | D:14     | Received a gift from Nemelex Xobeh
 24739 | D:14     | Reached skill level 16 in Spellcasting
 24950 | D:14     | Found a gate to the Vaults.
 25192 | D:14     | Received a gift from Nemelex Xobeh
 25369 | D:15     | Entered Level 15 of the Dungeon
 25462 | D:15     | Found a broken altar of Ashenzari.
 25768 | D:15     | Received a gift from Nemelex Xobeh
 25983 | D:15     | Found a staircase to the Depths.
 26391 | Spider:1 | Entered Level 1 of the Spider Nest
 26399 | Spider:1 | HP: 1/117 [demonic crawler (18)]
 26880 | Spider:2 | Reached XP level 18. HP: 95/124 MP: 0/0
 26927 | Spider:2 | Reached skill level 17 in Spellcasting
 26928 | Spider:2 | Reached skill level 10 in Fighting
 26985 | Spider:2 | Found a frozen archway.
 27008 | IceCv    | Entered an ice cave
 27008 | IceCv    | Received a gift from Nemelex Xobeh
 27349 | IceCv    | Found a viscous altar of Jiyva.
 27368 | IceCv    | Identified the +4 ice dragon scales of Uxowkoh {-Cast rElec
                  | rF- rC++ Will+ rCorr}
 27810 | Spider:2 | Received a gift from Nemelex Xobeh
 28476 | Spider:3 | Received a gift from Nemelex Xobeh
 28636 | Spider:3 | Reached skill level 18 in Spellcasting
 29029 | Spider:3 | Received a gift from Nemelex Xobeh
 29363 | Spider:3 | Reached XP level 19. HP: 123/130 MP: 0/0
 29363 | Spider:3 | Learned a level 6 spell: Death Channel
 29420 | Spider:3 | Received a gift from Nemelex Xobeh
 29605 | Spider:4 | Entered Level 4 of the Spider Nest
 29877 | Spider:4 | Reached skill level 10 in Ranged Weapons
 29914 | Spider:4 | Received a gift from Nemelex Xobeh
 30320 | Spider:4 | Identified the +7 dagger of Mapuydo {elec, rCorr Dex+4}
 30639 | Spider:4 | Got a gossamer rune of Zot
 31007 | Shoals:1 | Entered Level 1 of the Shoals
 31070 | Shoals:1 | Reached skill level 19 in Spellcasting
 31475 | Shoals:1 | Received a gift from Nemelex Xobeh
 31769 | Shoals:2 | Found Puybam's Antique Armour Shop.
 31769 | Shoals:2 | Received a gift from Nemelex Xobeh
 31901 | Shoals:2 | Bought a pair of runed gloves for 195 gold pieces
 31908 | Shoals:2 | Reached XP level 20. HP: 137/137 MP: 0/0
 32372 | Shoals:2 | Received a gift from Nemelex Xobeh
 33304 | Shoals:4 | Entered Level 4 of the Shoals
 33304 | Shoals:4 | Received a gift from Nemelex Xobeh
 33308 | Shoals:4 | Identified the staff of death "Xinal" {rF+ rN+}
 33319 | Shoals:4 | Reached XP level 21. HP: 140/143 MP: 0/0
 33319 | Shoals:4 | Learned a level 7 spell: Haunt
 33352 | Shoals:4 | HP: 6/143 [wind drake/the air (15)]
 33354 | Shoals:4 | Slain by a water elemental

Illustrated notes

Levels and vault maps discovered:
D:1:      scummos_arrival_forest, layout_rooms
D:2:      layout_basic, kennysheep_generic_room_10
D:3:      layout_basic, okawaru_ov_weapons_minmay
D:4:      layout_loops_corners, tgw_fedhas, serial_shops, shop, uniq_sigmund
D:5:      kennysheep_windowed_halls, layout_basic, gammafunk_ghost_grave,
          serial_shops, nicolae_take_the_stairs, nicolae_shop_trees,
          nicolae_shop_advertising_works [nicolae_subvault_shop_adworks],
          nicolae_shop_overcharged_wands, uniq_ijyb, uniq_grinder
D:6:      layout_basic, minmay_temple_entry_arrows,
          gammafunk_ghost_gnarly_gnolls, serial_shops, shop,
          minmay_unpleasant_kobolds
D:7:      layout_loops_corners, overflow_temple_1_default, serial_shops,
          nicolae_shop_crystal, kennysheep_little_box, shop, shop,
          nicolae_shop_overgrown_old_shop, nicolae_shop_fire_sale
          [nicolae_sub_dead_trees]
D:8:      layout_cave_pools, led_xom_imps, lair_entry_dummy, enter_bailey_2,
          minmay_mini_ossuary
D:9:      layout_small_grid, dilly_guarded_unrand_elemental_staff
D:10:     layout_loops_ring, mainiacjoe_overflow_swirl, elyvilon_altar_1,
          enter_trove_3, roderic_roman_lattice
D:11:     layout_gridville, orc_david_3, onia_ninara_cookie, uniq_grum
D:12:     layout_loops_corners, minmay_misc_feat_rows, st_stairs_1,
          nrook_guardian_serpent_ordinary, uniq_fannar
D:13:     lemuel_traditional_vault, layout_cave_pools, uniq_frances,
          uniq_josephine
D:14:     layout_irregular_city, lightli_vaults_fourway_checkpoint,
          nrook_mini_backslash
D:15:     grunt_enter_depths_snipers, layout_basic, nicolae_ashenzari_panopticon
Temple:   bh_familiar_temple
Lair:1:   layout_regular_city, uniq_amaemon
Lair:2:   nzn_winding_woodlands_stair_trap [nzn_winding_woodlands_5x15_zeroes,
          nzn_winding_woodlands_5x15_cabin,
          nzn_winding_woodlands_5x15_river_crossing,
          nzn_winding_woodlands_15x15_thick_spiral,
          nzn_winding_woodlands_5x15_pathside_ponds,
          nzn_winding_woodlands_5x15_pool,
          nzn_winding_woodlands_5x15_sidewinder], layout_chaotic_city,
          spider_nest_entry_rubble, infiniplex_staircase_pool_2
Lair:3:   layout_roguey, minmay_shoals_entry_hut, nicolae_quartered_pool_medium,
          grunt_forest_stairs_basic, uniq_gastronok
Lair:4:   layout_regular_city, nicolae_slime_entry_slimehenge,
          beast_lair_carwin_10, serial_bayou_shore_a
Lair:5:   hangedman_lair_in_review, layout_hall_layers,
          bobbens_dragon_lair_wall, uniq_urug
Shoals:1: layout_shoals
Shoals:2: layout_shoals, serial_shops, nicolae_stop_n_shop_2
Shoals:3: layout_shoals, nicolae_shoals_goliath_grotto
Shoals:4: shoals_end_simple, layout_shoals
Spider:1: layout_spider_delve
Spider:2: layout_chambers, portal_ice_cave_entry_ugly_swarm
Spider:3: layout_chambers, hangedman_spider_tarantella_strand
Spider:4: grunt_spider_rune_island
Orc:1:    layout_caves, uniq_sonja
Orc:2:    hellmonk_orc_salted, layout_diamond_mine,
          gammafunk_ghost_wrathful_warriors, uniq_erolcha
Elf:1:    layout_gridlike, basic_altar, hangedman_elf_disciples

Skill      XL: |  1  2  3  4  5  6  7  8  9 10 11 12 13 14 15 16 17 18 19 |
---------------+----------------------------------------------------------+-----
Fighting       | 1 2 3 4 5 7 9 10 | 10.9
Stealth        | 2 |  2.0
Armour         | 1 2 3 4 5 6 7 8 9 10 | 10.0
Dodging        | 3 4 5 6 7 8 10 | 10.0
Short Blades   | 1 2 |  2.0
Spellcasting   | 3 4 5 6 8 10 11 12 13 14 15 16 18 19 | 19.9
Evocations     | 2 3 |  3.0
Throwing       | 2 3 |  3.0
Invocations    | 3 5 6 7 8 10 | 10.3
Ranged Weapons | 1 3 5 6 8 9 10 | 10.0
Staves         | 3 5 |  5.0

Action                     |  1- 3 |  4- 6 |  7- 9 | 10-12 | 13-15 | 16-18 | 19-21 || total
---------------------------+-------+-------+-------+-------+-------+-------+-------++-------
  Melee: Dagger            |       |       |    74 |    21 |       |       |       ||    95
         Punch             |       |       |     3 |     1 |       |       |       ||     4
         Short sword       |       |       |       |     5 |       |       |       ||     5
         Staff             |       |       |       |     3 |       |     2 |     5 ||    10
   Fire: Sling             |       |       |       |    24 |       |    16 |       ||    40
  Throw: Dart              |       |       |       |       |     2 |       |       ||     2
   Cast: Foxfire           |    83 |    42 |   107 |   347 |   199 |     1 |    28 ||   807
         Scorch            |     1 |    31 |    50 |   236 |    87 |    12 |     2 ||   419
         Passwall          |       |       |     1 |       |       |       |       ||     1
         Flame Wave        |       |       |       |    18 |     9 |     9 |     1 ||    37
         Kindle Blastspark |       |       |       |     2 |     1 |       |       ||     3
         Inner Flame       |       |       |       |     1 |     1 |       |       ||     2
         Plasma Beam       |       |       |       |     6 |   237 |   396 |   236 ||   875
         Teleport Other    |       |       |       |     1 |       |       |       ||     1
         Ozocubu's Refrige |       |       |       |       |       |    16 |    10 ||    26
         Death Channel     |       |       |       |       |       |       |     2 ||     2
 Invoke: Draw Destruction  |       |       |       |       |     5 |     1 |       ||     6
  Evoke: Wand              |       |       |       |     1 |       |     5 |       ||     6
    Use: Scroll            |       |     1 |     7 |    14 |     4 |     9 |     5 ||    40
         Potion            |       |       |       |     1 |       |     5 |     3 ||     9
   Stab: Distracted        |       |       |       |     1 |       |       |       ||     1
 Armour: Robe              |     2 |     1 |       |       |     8 |    48 |    10 ||    69
         Leather armour    |       |       |     2 |     5 |       |       |       ||     7
         Acid dragon scale |       |       |       |    66 |     2 |       |       ||    68
         Troll leather arm |       |       |       |       |     1 |       |       ||     1
  Dodge: Dodged            |     7 |     5 |    14 |   103 |    65 |   186 |    87 ||   467

Table legend: (Time is in decaauts)
 A = Elapsed time spent in this place.
 B = Non-inter-level travel time spent in this place.
 C = Inter-level travel time spent in this place.
 D = Time resting spent in this place.
 E = Time spent auto-exploring this place.
 F = Levels seen in this place.
 G = Mean time per level.
                   A        B        C        D        E       F      G
               +--------+--------+--------+--------+--------+-----+--------+
         Total |  33379 |  30042 |   3337 |   2483 |  22110 |  34 |  981.7 |
       Dungeon |  18680 |  16286 |   2394 |   1592 |  11766 |  15 | 1245.3 |
        Temple |    233 |    179 |     54 |      0 |    148 |   1 |  233.0 |
          Lair |   4963 |   4669 |    294 |    256 |   3878 |   5 |  992.6 |
        Shoals |   2350 |   2219 |    131 |     48 |   1892 |   4 |  587.5 |
   Spider Nest |   3899 |   3744 |    155 |    221 |   2781 |   4 |  974.8 |
  Orcish Mines |   2286 |   1979 |    307 |    227 |   1278 |   2 | 1143.0 |
   Elven Halls |     49 |     49 |      0 |      0 |      6 |   1 |   49.0 |
        Bailey |    447 |    447 |      0 |     92 |     96 |   1 |  447.0 |
      Ice Cave |    468 |    468 |      0 |     47 |    265 |   1 |  468.0 |
               +--------+--------+--------+--------+--------+-----+--------+

Top non-repeatable levels by time:
     D:5: 2163 daAuts
     D:9: 1780 daAuts
    D:11: 1747 daAuts
     D:4: 1480 daAuts
     D:7: 1471 daAuts
   Orc:2: 1460 daAuts
     D:8: 1458 daAuts
     D:6: 1438 daAuts
    D:10: 1394 daAuts
  Lair:2: 1276 daAuts
Spider:3: 1268 daAuts
Spider:4: 1245 daAuts
  Lair:5: 1233 daAuts
Spider:2: 1098 daAuts
    D:12: 956 daAuts
